Map: Orbital Shipyard

Players

llllllllllll - Winner!

  • Race: Protoss Protoss
  • League: Diamond

penduloSFX

  • Race: Zerg Zerg
  • League: Diamond

VOD

Have the link to the VOD?

Description

Time

  • Played on: Feb. 1, 2016, 12:36 p.m.
  • Length: 14:55
Show
View Real Time Build Order
Export as new Build Order

llllllllllll Protoss - Winner!

Build Orders: Nexus First, Oracle Opening 

Get SALT Encoding   

  12  0:00  Probe (Chrono Boost)  
  13  0:11  Probe (Chrono Boost)  
  14  0:19  Pylon  
  14  0:22  Probe (Chrono Boost)  
  15  0:37  Probe (Chrono Boost)  
  16  0:48  Probe (Chrono Boost)  
  17  0:58  Probe (Chrono Boost)  
  18  1:05  Nexus  
  18  1:16  Gateway  
  18  1:19  Probe (Chrono Boost)  
  19  1:29  Probe (Chrono Boost), Assimilator  
  20  1:40  Probe (Chrono Boost), Pylon  
  20  1:44  Assimilator  
  21  1:51  Probe (Chrono Boost)  
  23  2:01  Probe (Chrono Boost)  
  23  2:04  Cybernetics Core  
  23  2:12  Probe (Chrono Boost), Zealot  
  26  2:18  Probe (Chrono Boost)  
  26  2:22  Probe (Chrono Boost)  
  28  2:34  Probe x2 (Chrono Boost)  
  30  2:40  Stalker (Chrono Boost)  
  32  2:45  Probe (Chrono Boost)  
  32  2:46  Probe (Chrono Boost)  
  34  2:52  Assimilator  
  34  2:57  Mothership Core (Chrono Boost)  
  34  2:58  Probe (Chrono Boost)  
  37  3:02  Assimilator  
  37  3:08  Probe (Chrono Boost), Stargate  
  38  3:16  Probe (Chrono Boost)  
  38  3:19  Probe (Chrono Boost)  
  41  3:27  Probe (Chrono Boost)  
  41  3:30  Probe (Chrono Boost)  
  42  3:37  Probe (Chrono Boost)  
  42  3:40  Pylon  
  44  3:46  Pylon  
  45  3:53  Oracle (Chrono Boost)  
  46  3:57  Probe  
  46  3:58  Probe  
  48  4:03  Stargate  
  48  4:07  Probe  
  49  4:11  Probe  
  50  4:18  Probe  
  50  4:23  Probe  
  52  4:26  Pylon, Oracle (Chrono Boost)  
  52  4:29  Probe  
  56  4:36  Probe  
  57  4:40  Probe  
  57  4:43  Forge  
  58  4:48  Probe  
  58  4:51  Probe, Oracle (Chrono Boost)  
  63  5:03  Oracle (Chrono Boost)  
  63  5:12  Fleet Beacon  
  63  5:22  Oracle (Chrono Boost)  
  63  5:27  Nexus  
  66  5:29  Pylon  
  66  5:31  Pylon  
  66  5:34  Assimilator  
  66  5:35  Oracle (Chrono Boost)  
  69  5:52  Pylon  
  69  5:53  Pylon  
  75  5:58  Carrier (Chrono Boost)  
  75  6:08  Carrier (Chrono Boost)  
  81  6:18  Probe  
  81  6:19  Probe  
  83  6:26  Photon Cannon  
  83  6:27  Photon Cannon  
  83  6:29  Photon Cannon  
  83  6:31  Probe  
  84  7:14  Probe x2  
  84  7:15  Probe, Carrier (Chrono Boost)  
  93  7:22  Graviton Catapult  
  93  7:24  Probe, Carrier (Chrono Boost)  
  93  7:27  Probe x2  
  102  7:31  Assimilator  
  102  7:34  Pylon  
  102  7:35  Probe  
  103  7:39  Probe x2  
  103  7:40  Stargate  
  103  7:41  Stargate  
  103  7:43  Pylon  
  105  7:47  Probe  
  105  7:51  Probe, Cybernetics Core  
  107  7:58  Protoss Air Weapons Level 1 (Chrono Boost)  
  107  7:59  Probe  
  107  8:00  Probe  
  109  8:08  Probe  
  110  8:23  Carrier (Chrono Boost)  
  122  8:29  Carrier x2 (Chrono Boost)  
  122  8:31  Probe  
  129  8:54  Pylon  
  129  8:56  Protoss Air Armor Level 1 (Chrono Boost)  
  129  8:57  Pylon  
  129  9:00  Pylon  
  129  9:16  Protoss Shields Level 1  
  135  9:30  Probe x2  
  137  9:49  Nexus  
  137  9:51  Void Ray, Pylon  
  143  9:52  Protoss Air Weapons Level 2 (Chrono Boost)  
  143  9:53  Carrier  
  143  9:54  Pylon  
  143  9:56  Void Ray  
  143  9:57  Void Ray, Pylon  
  143  9:58  Assimilator  
  149  10:04  Assimilator  
  149  10:07  Pylon  
  149  10:12  Pylon  
  149  10:24  Probe x3  
  152  10:35  Void Ray  
  152  10:38  Probe  
  152  10:39  Probe x2  
  152  10:40  Void Ray  
  152  10:41  Void Ray  
  167  10:48  Photon Cannon  
  167  10:51  Photon Cannon  
  167  10:52  Photon Cannon  
  167  10:54  Photon Cannon  
  167  10:56  Pylon  
  167  11:01  Photon Cannon  
  167  11:15  Protoss Air Armor Level 2 (Chrono Boost)  
  167  11:21  Void Ray x2  
  167  11:23  Stargate x2  
  171  11:27  Void Ray x2, Pylon  
  171  11:29  Pylon  
  183  11:53  Pylon  
  183  11:56  Pylon  
  183  12:02  Void Ray  
  183  12:08  Void Ray x3  
  191  12:09  Pylon  
  191  12:15  Pylon  
  199  12:29  Protoss Air Weapons Level 3 (Chrono Boost)  
  199  12:36  Nexus  
  199  12:39  Pylon  
  199  12:41  Photon Cannon  
  199  12:43  Photon Cannon  
  199  12:45  Photon Cannon  
  199  12:49  Photon Cannon  
  199  12:51  Photon Cannon  
  199  12:53  Assimilator  
  199  12:58  Assimilator  
  199  13:00  Pylon  
  199  13:51  Robotics Facility  
  199  13:55  Pylon  
  199  13:56  Pylon  
Show
View Real Time Build Order
Export as new Build Order

penduloSFX Zerg 

Build Orders: Hatch First 

Get SALT Encoding   

  12  0:01  Drone  
  13  0:08  Drone  
  14  0:17  Overlord  
  14  0:28  Extractor  
  13  0:29  Extractor  
  13  0:30  Drone x2  
  16  0:36  Drone  
  17  0:52  Hatchery  
  17  0:56  Drone  
  17  0:59  Drone  
  18  1:06  Drone  
  19  1:16  Spawning Pool  
  18  1:20  Drone  
  19  1:30  Overlord  
  19  1:38  Drone  
  20  1:52  Drone  
  21  2:03  Queen  
  21  2:04  Queen  
  21  2:05  Drone x2  
  27  2:20  Drone  
  28  2:25  Hatchery  
  28  2:27  Overlord x2  
  27  2:36  Drone x2  
  29  2:45  Queen x2  
  33  2:51  Drone x3  
  33  2:56  Drone  
  37  3:01  Drone  
  37  3:04  Extractor x2  
  36  3:06  Overlord  
  36  3:12  Drone x4  
  40  3:14  Drone x2  
  44  3:28  Drone x3  
  44  3:31  Drone  
  46  3:35  Extractor  
  46  3:36  Extractor  
  46  3:37  Queen  
  46  3:45  Drone  
  46  3:46  Drone  
  48  3:51  Drone x2  
  50  4:00  Drone x2  
  52  4:04  Drone x3  
  52  4:09  Drone  
  56  4:11  Evolution Chamber  
  56  4:13  Evolution Chamber  
  56  4:14  Roach Warren  
  53  4:28  Lair  
  56  4:31  Drone x10  
  63  4:39  Zerg Missile Weapons Level 1  
  63  4:40  Zerg Ground Armor Level 1  
  60  5:07  Drone x6  
  60  5:12  Overlord x3  
  60  5:13  Overlord x2  
  66  5:32  Extractor, Hatchery  
  66  5:33  Extractor, Drone x5  
  66  5:34  Drone x3  
  71  5:35  Hatchery  
  71  5:39  Roach  
  71  5:40  Roach x3  
  78  5:54  Roach x7  
  92  6:07  Drone x2  
  92  6:08  Drone x2  
  92  6:11  Glial Reconstitution  
  96  6:16  Overlord x2, Drone  
  97  6:19  Queen, Hydralisk Den  
  98  6:26  Roach x4  
  98  6:32  Overlord x3  
  87  6:48  Hydralisk  
  87  6:49  Hydralisk x7  
  84  7:13  Hydralisk x5  
  90  7:21  Drone x3  
  93  7:35  Drone  
  93  7:36  Drone x3  
  97  7:39  Drone x2  
  97  7:42  Drone  
  100  7:46  Drone x2  
  100  7:47  Drone  
  100  7:49  Overseer  
  103  8:04  Zerg Ground Armor Level 2, Zerg Missile Weapons Level 2  
  103  8:06  Queen  
  103  8:10  Queen  
  107  8:13  Drone x2  
  107  8:14  Drone  
  110  8:32  Muscular Augments  
  110  8:36  Drone x3  
  110  8:37  Drone x2  
  110  8:40  Overlord, Hydralisk  
  117  8:41  Hydralisk x5  
  127  8:49  Drone  
  127  8:50  Drone x4  
  132  9:07  Hydralisk  
  132  9:08  Hydralisk x4  
  142  9:10  Overlord x5  
  139  9:32  Drone x17  
  156  9:56  Infestation Pit  
  156  9:59  Hydralisk x9, Extractor  
  156  10:00  Hydralisk, Extractor  
  150  10:22  Spore Crawler  
  149  10:28  Drone  
  149  10:29  Drone x3  
  149  10:32  Drone  
  149  10:33  Drone x3  
  157  10:36  Spore Crawler x3  
  157  10:42  Spore Crawler  
  153  10:48  Hive  
  153  10:51  Overlord x3  
  153  10:52  Hydralisk x4  
  161  11:02  Drone x2  
  161  11:03  Drone  
  164  11:29  Drone x2  
  164  11:30  Drone x4  
  164  11:31  Drone x2  
  172  11:35  Hatchery  
  160  11:48  Spore Crawler  
  160  11:49  Spore Crawler  
  160  11:50  Spore Crawler  
  160  11:52  Spore Crawler, Drone x2  
  160  11:53  Drone x5  
  163  12:01  Overseer  
  163  12:02  Overseer x2  
  163  12:03  Pneumatized Carapace  
  163  12:18  Viper x5  
  178  12:22  Viper  
  178  12:23  Viper  
  178  12:29  Viper x2  
  190  12:55  Evolution Chamber x2  
  190  12:56  Evolution Chamber  
  190  12:58  Evolution Chamber  
  186  13:06  Evolution Chamber x2  
  186  13:07  Evolution Chamber  
  168  13:28  Hydralisk  
  168  13:29  Hydralisk x8  
  184  13:39  Hatchery  
  179  13:48  Overlord x5  
  179  13:58  Hatchery  
Tags
 
Add a new tag
Caveats
  • Supply blocks, unpowered buildings, or Contaminate may cause inaccurate times.
  • Supply counts are checked every 10 seconds.